 Dungeon Crawl Stone Soup version bcrawl-1.36.4 (webtiles) character file.

Game seed: 12226788891590542167

170403 Mrkan the Ruffian (level 6, -7/53 HPs)
             Began as a Ghoul Fighter on July 24, 2022.
             Was an Initiate of Wu Jian.
             Killed by divine providence
             ... invoked by an orc priest
              (12 damage)
             ... on level 4 of the Dungeon.
             The game lasted 00:05:42 (3121 turns).

Mrkan the Ruffian (Ghoul Fighter)                   Turns: 3121, Time: 00:05:43

Health: -7/53      AC: 10    Str: 21    XL:     6   Next: 39%
Magic:  5/5        EV:  5    Int:  4    God:    Wu Jian [......]
Gold:   224        SH:  9    Dex:  8    Spells: 5/5 levels left

rFire    . . .     SeeInvis .     - Claws (14.4)
rCold    + . .     Gourm    .   b - +0 medium shield
rNeg     + + +     Faith    .   a - +0 scale mail
rPois    ∞         Spirit   .   t - +2 helmet
rElec    .         Reflect  .   (no cloak)
rCorr    .                      (no gloves)
MR       .....                  r - +0 pair of boots
Stlth    ..........             (no amulet)
HPRegen  0.00/turn              (no ring)
MPRegen  0.09/turn              (no ring)

@: rotting
A: rotting body, claws 1, carnivore, cold resistance 1, negative energy
resistance 3, inhibited regeneration, torment resistance, unbreathing
a: Renounce Religion


You were on level 4 of the Dungeon.
You worshipped Wu Jian.
Wu Jian was noncommittal.
You were not hungry.

You visited 1 branch of the dungeon, and saw 4 of its levels.

You collected 224 gold pieces.

Inventory:

Armour
 a - a +0 scale mail (worn)
 b - a +0 medium shield (worn)
 r - a +0 pair of boots (worn)
 t - a +2 helmet (worn)
Wands
 p - a wand of charming (9)
Scrolls
 d - 5 scrolls of remove curse {unknown}
 f - 2 scrolls of fog {unknown}
 g - 2 scrolls of amnesia {unknown}
 i - 5 scrolls of identify
 k - 2 scrolls of magic mapping {unknown}
 n - 2 scrolls of blinking {unknown}
Potions
 c - 3 potions of might
 h - a potion of magic {unknown}
 j - a potion of resistance {unknown}
 l - a potion of agility {unknown}
 m - 2 potions of lignification
 o - a potion of heal wounds {unknown}
 q - a potion of berserk rage {unknown}
Comestibles
 e - 6 rations {!d}


   Skills:
 + Level 4.7 Fighting
 - Level 2.6 Armour
 + Level 3.9 Shields
 * Level 5.3 Unarmed Combat


You had 5 spell levels left.
You didn't know any spells.
Your spell library contained the following spells:

 Spells                   Type           Power        Failure   Level  Hunger
 Passwall                 Tmut/Erth      #.......     100%        2    ####...
 Sticks to Snakes         Tmut           #.......     100%        2    ####...
 Beastly Appendage        Tmut           Unusable     N/A         1    N/A
 Spider Form              Tmut/Pois      Unusable     N/A         3    N/A
 Ice Form                 Ice/Tmut       Unusable     N/A         4    N/A
 Blade Hands              Tmut           Unusable     N/A         5    N/A

Dungeon Overview and Level Annotations

Branches:
Dungeon (4/12)
 Temple: D:4-7

Altars:
Wu Jian


Innate Abilities, Weirdness & Mutations

Your body is rotting away.
You thrive on raw meat.
You are immune to poison.
You have sharp fingernails.
You are carnivorous and can eat meat at any time.
Your flesh is cold resistant. (rC+)
You are immune to negative energy. (rN+++)
You do not regenerate when monsters are visible.
You are immune to unholy pain and torment.
You can survive without breathing.


Message History

You kill the orc!
The Council accepts your kill.
You claw the orc priest!
The orc priest is almost dead.
The orc priest hits you with a +0 flail!
* * * LOW HITPOINT WARNING * * *
You closely miss the orc priest.
The orc priest is almost dead.
The orc priest hits you with a +0 flail.
* * * LOW HITPOINT WARNING * * *
The orc priest calls upon Beogh to heal the orc priest.
The orc priest is healed somewhat.
You closely miss the orc priest.
The orc priest is heavily wounded.
The orc priest closely misses you.
You scratch the orc priest.
The orc priest is almost dead.
The orc priest mumbles some strange prayers to Beogh against you.
Beogh smites you!
You die...

#.##.#########......#
.....# #.##...#
#.#### #. #...# ...
#. #...# #.###..#
#......# #####.##
#...# #@### #o# #.#
#o## .....###..#####
#.o.o.?.........
..##.###...####.
....# ..#.# ####!#


You could see 2 orc priests.

Vanquished Creatures
  A phantom (D:4)
  An orc wizard (D:3)
  An iguana (D:3)
  6 adders
  An ooze (D:2)
  2 worms (D:2)
  2 dart slugs (D:1)
  5 leopard geckos
  9 orcs
  4 giant cockroaches
  6 goblins
  13 hobgoblins
  A jackal (D:2)
  9 kobolds
  3 quokkas
  11 bats
  4 frilled lizards
  11 rats
  A bush (D:1)
91 creatures vanquished.

Notes
Turn   | Place    | Note
-------+----------+-------------------------------------------
     0 | D:1      | Mrkan the Ghoul Fighter began the quest for the Orb.
     0 | D:1      | Reached XP level 1. HP: 19/19 MP: 0/0
   147 | D:1      | Reached XP level 2. HP: 26/26 MP: 1/1
   375 | D:1      | Reached skill level 3 in Unarmed Combat
   466 | D:1      | Reached XP level 3. HP: 30/31 MP: 2/2
  1189 | D:2      | Reached XP level 4. HP: 14/37 MP: 3/3
  1774 | D:2      | Reached skill level 4 in Unarmed Combat
  2288 | D:3      | Reached XP level 5. HP: 34/46 MP: 4/4
  2845 | D:3      | Found an ornate altar of the Wu Jian Council.
  2864 | D:3      | Became a worshipper of the Wu Jian Council
  2906 | D:4      | Noticed a phantom
  3033 | D:4      | Killed a phantom
  3034 | D:4      | Reached skill level 5 in Unarmed Combat
  3034 | D:4      | Reached XP level 6. HP: 41/53 MP: 5/5
  3121 | D:4      | Killed from afar by an orc priest

Skill      XL: |  1  2  3  4  5 |
---------------+----------------+-----
Unarmed Combat | 3 4 5 |  5.3
Shields        | 3 |  3.9
Fighting       | 4 |  4.7
Armour         | |  2.6

Action                   |  1- 3 |  4- 6 || total
-------------------------+-------+-------++-------
Melee: Unarmed           |   189 |   224 ||   413
Invok: Lunge             |       |     3 ||     3
       Whirlwind         |       |     1 ||     1
  Use: Scroll            |       |     3 ||     3
       Potion            |       |     1 ||     1
  Eat: Chunk             |     1 |    16 ||    17
       Ration            |     1 |       ||     1
Armor: Scale mail        |    70 |    96 ||   166
Dodge: Dodged            |    25 |    34 ||    59
Block: Medium shield     |    65 |    82 ||   147
